[Event "Chinese Championship-B Women 2024"]
[Site "Liaocheng"]
[Date "2024.04.24"]
[Round "7.3"]
[White "Hu, Yu A."]
[Black "Yang, Yijing"]
[Result "0-1"]
[WhiteElo "2148"]
[BlackElo "2040"]
[PlyCount "96"]
[EventDate "2024.04.24"]
[EventType "swiss"]
[EventCountry "CHN"]
[TimeControl "5400+30"]

1. Nf3 d5 2. g3 Nf6 3. c4 c5 4. cxd5 Nxd5 5. Bg2 Nc6 6. O-O e5 7. d3 Be7 8. Bd2 Be6 9. Nc3 O-O 10. Rc1 Nxc3 11. Bxc3 f6 12. Nd2 Rc8 13. Qa4 Qd7 14. Rfe1 Rfd8 15. Nc4 b6 16. Bd2 Rc7 17. f4 Rb8 18. Qd1 b5 19. Ne3 Qd4 20. Kh1 exf4 21. Nc2 Qd7 22. Bxf4 Bd6 23. d4 Bxf4 24. gxf4 cxd4 25. Nxd4 Nxd4 26. Rxc7 Qxc7 27. Qxd4 Bxa2 28. Ra1 Rd8 29. Qg1 Qc2 30. Qxa7 Rd1+ 31. Rxd1 Qxd1+ 32. Qg1 Qxe2 33. Qc1 Bc4 34. b3 Bxb3 35. Qc8+ Kf7 36. Qc7+ Qe7 37. Qc3 Bc4 38. Qd2 Qe2 39. Qd7+ Kg6 40. h3 Be6 41. Qe8+ Kh6 42. Qb8 Qe1+ 43. Kh2 b4 44. Qb6 b3 45. f5 Qe5+ 46. Kh1 Qxf5 47. Qe3+ g5 48. Qc3 Bd5 0-1

[Event "Chinese Championship-B Women 2024"]
[Site "Liaocheng"]
[Date "2024.04.24"]
[Round "7.4"]
[White "Ren, Xiaoyi"]
[Black "Zhao, Yunqing"]
[Result "0-1"]
[WhiteElo "2075"]
[BlackElo "1965"]
[PlyCount "64"]
[EventDate "2024.04.24"]
[EventType "swiss"]
[EventCountry "CHN"]
[TimeControl "5400+30"]

1. d4 Nf6 2. c4 e6 3. Nf3 d5 4. Nc3 Bb4 5. Bg5 h6 6. Bf4 dxc4 7. a3 Bxc3+ 8. bxc3 O-O 9. e3 b5 10. a4 c6 11. g4 Nd5 12. g5 e5 13. Bxe5 hxg5 14. axb5 cxb5 15. Bg2 f6 16. Bxb8 Rxb8 17. Rxa7 Bf5 18. Qa1 Bd3 19. Nd2 b4 20. cxb4 Nxb4 21. Qc3 Qb6 22. Ra4 Rfc8 23. h4 Rc7 24. hxg5 Qb5 25. Rxb4 Qxb4 26. Bd5+ Kf8 27. gxf6 gxf6 28. Rh8+ Ke7 29. Qxb4+ Rxb4 30. e4 Ra4 31. Nf3 c3 32. Rh7+ Kd6 0-1

[Event "Chinese Championship-B Women 2024"]
[Site "Liaocheng"]
[Date "2024.04.24"]
[Round "7.5"]
[White "Du, Yuxin"]
[Black "Xue, Shixuan"]
[Result "1-0"]
[WhiteElo "1960"]
[BlackElo "1790"]
[PlyCount "59"]
[EventDate "2024.04.24"]
[EventType "swiss"]
[EventCountry "CHN"]
[TimeControl "5400+30"]

1. e4 e6 2. d4 d5 3. Nd2 c5 4. Ngf3 Nf6 5. exd5 exd5 6. Bb5+ Bd7 7. Qe2+ Be7 8. dxc5 O-O 9. O-O Bxc5 10. Nb3 Re8 11. Qd3 Bd6 12. Bg5 a6 13. Bxf6 Bxb5 14. Qxb5 axb5 15. Bxd8 Rxd8 16. a3 b4 17. axb4 Rxa1 18. Rxa1 Bxb4 19. Ra7 b6 20. Nbd4 Bc5 21. Kf1 Nd7 22. Nc6 Rc8 23. Rxd7 Rxc6 24. Rd8+ Bf8 25. Ne5 Rxc2 26. Nd7 g6 27. Rxf8+ Kg7 28. Rb8 Rxb2 29. Rxb6 Rd2 30. Ke1 1-0

[Event "Chinese Championship-B Women 2024"]
[Site "Liaocheng"]
[Date "2024.04.24"]
[Round "7.6"]
[White "Wang, Yi(Bj)"]
[Black "Chu, Ruotong"]
[Result "0-1"]
[WhiteElo "1782"]
[BlackElo "2124"]
[PlyCount "88"]
[EventDate "2024.04.24"]
[EventType "swiss"]
[EventCountry "CHN"]
[TimeControl "5400+30"]

1. e4 c5 2. Nc3 Nc6 3. Bb5 Nf6 4. Nf3 Nd4 5. e5 Nxb5 6. Nxb5 Nd5 7. Ng5 Nc7 8. Qh5 g6 9. Qf3 f6 10. exf6 Bh6 11. f7+ Kf8 12. Nxc7 Qxc7 13. d3 Qe5+ 14. Qe3 Qxe3+ 15. Bxe3 Bxg5 16. Bxg5 Kxf7 17. Kd2 b6 18. Rae1 e6 19. Re4 h6 20. Rf4+ Kg8 21. Bf6 Rh7 22. h4 Rf7 23. Rh3 d6 24. Rg3 e5 25. Rff3 Kh7 26. h5 g5 27. Bd8 Rd7 28. Bxg5 hxg5 29. Rxg5 Rg7 30. Rxg7+ Kxg7 31. g4 Bb7 32. Rg3 Rf8 33. Ke3 Kh6 34. c3 Kg5 35. a3 Rf4 36. Rg1 Rf3+ 37. Ke2 Rh3 38. d4 cxd4 39. cxd4 Rb3 40. dxe5 dxe5 41. Rc1 Bf3+ 42. Kd2 Rxb2+ 43. Ke3 Rb3+ 44. Kd2 Rxa3 0-1

[Event "Chinese Championship-B Women 2024"]
[Site "Liaocheng"]
[Date "2024.04.24"]
[Round "7.7"]
[White "Sun, Jihan"]
[Black "Guo, Weibao"]
[Result "1-0"]
[WhiteElo "1781"]
[BlackElo "1954"]
[PlyCount "97"]
[EventDate "2024.04.24"]
[EventType "swiss"]
[EventCountry "CHN"]
[TimeControl "5400+30"]

1. e4 e6 2. d4 d5 3. Nd2 Nf6 4. e5 Nfd7 5. Bd3 c5 6. c3 Nc6 7. Ne2 Qb6 8. Nf3 f6 9. exf6 Nxf6 10. O-O Bd6 11. b3 O-O 12. Bf4 Bxf4 13. Nxf4 cxd4 14. cxd4 Ne4 15. g3 Bd7 16. Re1 Nf6 17. Qd2 Rae8 18. Rad1 Qb4 19. Qxb4 Nxb4 20. Bb1 Ne4 21. Ne5 Bc8 22. a3 Na6 23. Bxe4 dxe4 24. Rxe4 Nc7 25. a4 Nd5 26. Nxd5 exd5 27. Re3 Bf5 28. Rc1 Rc8 29. Rec3 Rxc3 30. Rxc3 Rc8 31. Rxc8+ Bxc8 32. a5 Bf5 33. f3 Kf8 34. h4 Ke7 35. Kf2 Kd6 36. Ke3 Kc7 37. g4 Bc2 38. b4 b6 39. axb6+ Kxb6 40. f4 Kb5 41. Kd2 Be4 42. Kc3 Ka4 43. h5 a5 44. bxa5 Kxa5 45. h6 g6 46. Nd7 g5 47. fxg5 Kb5 48. Ne5 Kb6 49. g6 1-0

[Event "Chinese Championship-B Women 2024"]
[Site "Liaocheng"]
[Date "2024.04.24"]
[Round "7.8"]
[White "Wang, Xiaoyan"]
[Black "Zhu, Zile"]
[Result "1/2-1/2"]
[WhiteElo "1932"]
[BlackElo "1819"]
[PlyCount "62"]
[EventDate "2024.04.24"]
[EventType "swiss"]
[EventCountry "CHN"]
[TimeControl "5400+30"]

1. d4 Nf6 2. c4 e6 3. Nf3 b6 4. g3 Bb7 5. Bg2 Be7 6. O-O O-O 7. Nc3 Ne4 8. Bd2 f5 9. Qc2 Nxc3 10. Bxc3 Be4 11. Qb3 d6 12. Rfd1 Qe8 13. Ne1 Bxg2 14. Nxg2 Bf6 15. Rac1 g6 16. Nf4 g5 17. Ng2 Rf7 18. Qc2 Nd7 19. b4 e5 20. Ne3 exd4 21. Bxd4 Bxd4 22. Rxd4 Qe6 23. Nd5 Nf6 24. Nxf6+ Qxf6 25. e3 c5 26. Rd5 f4 27. exf4 gxf4 28. Rcd1 fxg3 29. hxg3 Raf8 30. R1d2 cxb4 31. Rxd6 Qe5 1/2-1/2

[Event "Chinese Championship-B Women 2024"]
[Site "Liaocheng"]
[Date "2024.04.24"]
[Round "7.9"]
[White "Zhao, Chenyu"]
[Black "Guo, Hanxi"]
[Result "0-1"]
[WhiteElo "1909"]
[BlackElo "1699"]
[PlyCount "144"]
[EventDate "2024.04.24"]
[EventType "swiss"]
[EventCountry "CHN"]
[TimeControl "5400+30"]

1. e4 c5 2. Nf3 Nc6 3. Bb5 e6 4. O-O Nge7 5. Re1 a6 6. Bf1 d5 7. exd5 Nxd5 8. d4 Nf6 9. Be3 cxd4 10. Nxd4 Nxd4 11. Bxd4 Be7 12. c3 O-O 13. Nd2 Bd7 14. Nc4 Bc6 15. Ne5 Qc7 16. Bd3 Rfd8 17. a4 Bd5 18. c4 Bc6 19. a5 Rxd4 20. Bxh7+ Nxh7 21. Qxd4 Bf6 22. Qc5 Rd8 23. Nxc6 Qxc6 24. Qxc6 bxc6 25. Rad1 Rb8 26. Rd6 Rc8 27. Rd7 Bxb2 28. Rb1 Bc3 29. Rb6 Bxa5 30. Rxa6 Bb4 31. Raa7 Rf8 32. Rdc7 c5 33. Kf1 Bc3 34. Rab7 Bd4 35. Ke2 Ng5 36. f3 e5 37. Re7 Ne6 38. g3 Bg1 39. Kf1 Bd4 40. Ke2 Bc3 41. Kd3 Ba1 42. Ra7 Bd4 43. Ke2 g6 44. Rab7 Ng7 45. Red7 Nf5 46. g4 Ne3 47. Kd3 Ng2 48. Ke2 Nf4+ 49. Kf1 Ra8 50. Ra7 Rxa7 51. Rxa7 Nd3 52. Ke2 Nb2 53. Rc7 Nxc4 54. Kd3 Ne3 55. g5 Nd5 56. Rc8+ Kg7 57. h4 Nf4+ 58. Ke4 Ng2 59. f4 Nxf4 60. Kf3 Nd5 61. Rd8 Ne3 62. Rc8 c4 63. Ke2 c3 64. Rb8 Nc4 65. Kd3 Nd6 66. Rd8 Nf5 67. Rc8 Nxh4 68. Ke4 Ng2 69. Kd3 Nf4+ 70. Ke4 Ne6 71. Rc6 Nc5+ 72. Kf3 c2 0-1

[Event "Chinese Championship-B Women 2024"]
[Site "Liaocheng"]
[Date "2024.04.24"]
[Round "7.10"]
[White "Men, Jiayi"]
[Black "Wu, Shuang(Hlj)"]
[Result "1/2-1/2"]
[WhiteElo "1845"]
[BlackElo "1701"]
[PlyCount "66"]
[EventDate "2024.04.24"]
[EventType "swiss"]
[EventCountry "CHN"]
[TimeControl "5400+30"]

1. Nf3 Nf6 2. g3 d5 3. Bg2 c6 4. O-O Bf5 5. d4 e6 6. c4 Nbd7 7. a4 h6 8. Bf4 Be7 9. Nc3 O-O 10. cxd5 exd5 11. Qb3 Qb6 12. Qxb6 Nxb6 13. Ne5 a5 14. f3 c5 15. e4 cxd4 16. exf5 dxc3 17. bxc3 Rac8 18. Be3 Nc4 19. Bd4 Nxe5 20. Bxe5 Bc5+ 21. Kh1 Nd7 22. f4 Nxe5 23. fxe5 d4 24. Bxb7 Rc7 25. cxd4 Bxd4 26. Rab1 Bxe5 27. Rfc1 Rxc1+ 28. Rxc1 Bd6 29. Rc6 Bb4 30. Rc7 Rd8 31. Kg2 Bd6 32. Rc2 Kf8 33. Kf3 Ke7 1/2-1/2

[Event "Chinese Championship-B Women 2024"]
[Site "Liaocheng"]
[Date "2024.04.24"]
[Round "7.11"]
[White "Cui, Wen"]
[Black "Li, Peishan"]
[Result "1/2-1/2"]
[WhiteElo "1825"]
[BlackElo "1647"]
[PlyCount "88"]
[EventDate "2024.04.24"]
[EventType "swiss"]
[EventCountry "CHN"]
[TimeControl "5400+30"]

1. e4 c5 2. Nf3 e6 3. d4 cxd4 4. Nxd4 a6 5. Nc3 Qc7 6. Bd3 Nf6 7. O-O b5 8. Re1 d6 9. a4 bxa4 10. Nxa4 Be7 11. b3 O-O 12. f4 Bb7 13. Bb2 Nc6 14. Nxc6 Bxc6 15. Kh1 Rfe8 16. Qe2 a5 17. Nc3 Qb7 18. Bb5 Bxb5 19. Qxb5 Qxb5 20. Nxb5 Rec8 21. Re2 d5 22. exd5 Nxd5 23. f5 Nb4 24. fxe6 Rxc2 25. Rxc2 Nxc2 26. Rc1 Rd8 27. h3 Rd2 28. Nd4 fxe6 29. Rxc2 Rd1+ 30. Kh2 Bd6+ 31. g3 Rd3 32. Ne2 Rxb3 33. Kg2 a4 34. Kf2 Kf7 35. Bc3 e5 36. Ke3 Ke6 37. Ke4 a3 38. Ng1 Rb8 39. Nf3 Rc8 40. Ne1 Rc4+ 41. Kd3 Rc7 42. Ng2 e4+ 43. Kxe4 a2 44. Rxa2 Rxc3 1/2-1/2

[Event "Chinese Championship-B Women 2024"]
[Site "Liaocheng"]
[Date "2024.04.24"]
[Round "7.12"]
[White "Pi, Aiying"]
[Black "Shi Shuhua"]
[Result "1/2-1/2"]
[WhiteElo "1617"]
[BlackElo "1840"]
[PlyCount "75"]
[EventDate "2024.04.24"]
[EventType "swiss"]
[EventCountry "CHN"]
[TimeControl "5400+30"]

1. e4 e5 2. Nf3 Nf6 3. d4 Nxe4 4. Bd3 d5 5. Nxe5 Bd6 6. O-O O-O 7. Nd2 Nxd2 8. Bxd2 c5 9. c3 Nc6 10. Nxc6 bxc6 11. Qh5 f5 12. b3 cxd4 13. cxd4 Qf6 14. Be3 Bd7 15. Qg5 Qxg5 16. Bxg5 f4 17. Bh4 f3 18. Bg3 fxg2 19. Kxg2 Rf6 20. Bxd6 Rxd6 21. f4 Re8 22. Rae1 Rde6 23. Re5 g6 24. Rfe1 Kf7 25. Kg3 Rg8 26. h4 Kf6 27. Rc1 h6 28. Rf1 a5 29. Be2 Re7 30. Bg4 Rb8 31. Bxd7 Rxd7 32. f5 gxf5 33. Rfxf5+ Kg7 34. Re6 Rb4 35. Rxc6 Rxd4 36. Rc5 Kg6 37. Re5 Kf6 38. Rh5 1/2-1/2

[Event "Chinese Championship-B Women 2024"]
[Site "Liaocheng"]
[Date "2024.04.24"]
[Round "7.13"]
[White "Gao, Muziyan"]
[Black "Yu, Xilei"]
[Result "1-0"]
[WhiteElo "1891"]
[BlackElo "1676"]
[PlyCount "87"]
[EventDate "2024.04.24"]
[EventType "swiss"]
[EventCountry "CHN"]
[TimeControl "5400+30"]

1. Nf3 Nf6 2. g3 g6 3. Bg2 Bg7 4. d4 d5 5. c4 c6 6. cxd5 cxd5 7. O-O O-O 8. Ne5 Nbd7 9. Nc3 Nb6 10. a4 e6 11. b3 Nfd7 12. Nf3 a5 13. Nb5 f5 14. Bg5 Nf6 15. Bf4 Ne8 16. Rc1 h6 17. h4 Bd7 18. Nc7 Rc8 19. Nxe8 Rxe8 20. Qd2 Kh7 21. Qxa5 Bc6 22. Ne5 Bxe5 23. Bxe5 Ra8 24. Qd2 Nd7 25. Bf4 h5 26. Qd3 Qb6 27. Bd2 e5 28. dxe5 Nxe5 29. Qc2 d4 30. Bf4 Rac8 31. Bxe5 Bxg2 32. Qxc8 Rxc8 33. Rxc8 g5 34. Kxg2 Qe6 35. Rc7+ Kg8 36. f4 Qd5+ 37. Kf2 Qe4 38. Rfc1 Qe3+ 39. Kf1 Kf8 40. Bd6+ Kg8 41. Rc8+ Kg7 42. R1c7+ Kh6 43. hxg5+ Kg6 44. Rg8# 1-0

[Event "Chinese Championship-B Women 2024"]
[Site "Liaocheng"]
[Date "2024.04.24"]
[Round "7.14"]
[White "Wu, Yiting"]
[Black "Liu, Youyin"]
[Result "0-1"]
[WhiteElo "1721"]
[BlackElo "1840"]
[PlyCount "178"]
[EventDate "2024.04.24"]
[EventType "swiss"]
[EventCountry "CHN"]
[TimeControl "5400+30"]

1. e4 c6 2. d4 d5 3. Nc3 dxe4 4. Nxe4 Bf5 5. Ng3 Bg6 6. h4 h6 7. Nf3 Nf6 8. Ne5 Bh7 9. Bc4 e6 10. Qe2 Nd5 11. Bxd5 Qxd5 12. Qh5 Bg8 13. O-O Nd7 14. Rd1 Nf6 15. Qe2 Be7 16. c4 Qd8 17. Ne4 Nxe4 18. Qxe4 Bh7 19. Qg4 Bf6 20. Bf4 Bf5 21. Qg3 g5 22. hxg5 hxg5 23. Be3 Qe7 24. Ng4 Bxg4 25. Qxg4 Rh4 26. Qg3 O-O-O 27. d5 Rdh8 28. Kf1 Rxc4 29. dxc6 Rxc6 30. Bxa7 Qc7 31. Qxc7+ Kxc7 32. Be3 Bxb2 33. Rab1 Bf6 34. Ke2 Rc2+ 35. Rd2 Rxd2+ 36. Kxd2 Ra8 37. Rc1+ Kd6 38. Rc2 b5 39. Kd3 Ra3+ 40. Ke4 Ra4+ 41. Kd3 g4 42. g3 Ra3+ 43. Ke2 Rc3 44. Rd2+ Kc6 45. Kd1 Rc4 46. Rd3 b4 47. Rd2 Bc3 48. Rc2 f5 49. Ke2 Kd5 50. Kd1 Bd4 51. Re2 Bxe3 52. Rxe3 e5 53. Re2 Kd4 54. Rd2+ Ke4 55. Ke2 Rc3 56. Rb2 Rc4 57. Rd2 Rd4 58. Rb2 Kd5 59. Rc2 Rc4 60. Rb2 Kd4 61. Kd2 Kc5 62. Ke2 Rc3 63. Kd2 Kb5 64. Ke1 Ka4 65. Rd2 Ka3 66. Kd1 f4 67. gxf4 exf4 68. Re2 Rf3 69. Rd2 g3 70. fxg3 fxg3 71. Ke1 Rf2 72. Rd3+ Kxa2 73. Rxg3 Rh2 74. Kd1 b3 75. Rg8 Rc2 76. Ra8+ Kb1 77. Rb8 Rb2 78. Rb7 Ka1 79. Kc1 Rb1+ 80. Kd2 Kb2 81. Rb8 Rh1 82. Rb7 Rh2+ 83. Kd1 Rh4 84. Rd7 Kc3 85. Rc7+ Rc4 86. Rb7 b2 87. Rb8 Rd4+ 88. Ke2 Rb4 89. Rc8+ Kb3 0-1

[Event "Chinese Championship-B Women 2024"]
[Site "Liaocheng"]
[Date "2024.04.24"]
[Round "7.15"]
[White "He, Yixuan"]
[Black "Zhou, Lanqier"]
[Result "1/2-1/2"]
[WhiteElo "1812"]
[BlackElo "1654"]
[PlyCount "64"]
[EventDate "2024.04.24"]
[EventType "swiss"]
[EventCountry "CHN"]
[TimeControl "5400+30"]

1. e4 d5 2. exd5 Nf6 3. d4 Nxd5 4. Nf3 Bf5 5. a3 e6 6. Be2 Be7 7. c4 Nf6 8. Nc3 O-O 9. O-O c6 10. h3 Qc7 11. Be3 Nbd7 12. Rc1 Rfd8 13. Qb3 Ne4 14. d5 Ndc5 15. Bxc5 Nxc3 16. Rxc3 Bxc5 17. Bd3 Bxd3 18. Rxd3 exd5 19. cxd5 cxd5 20. Rxd5 Rxd5 21. Qxd5 Rd8 22. Qe4 h6 23. Qe2 Rd6 24. Qe8+ Kh7 25. Qe4+ Kg8 26. Qe8+ Kh7 27. Qe4+ g6 28. Qe5 Qc6 29. Qc3 Qd5 30. Re1 Rd8 31. Re5 Qd1+ 32. Re1 Qd5 1/2-1/2

[Event "Chinese Championship-B Women 2024"]
[Site "Liaocheng"]
[Date "2024.04.24"]
[Round "8.1"]
[White "Wang, Chuqiao"]
[Black "Zhou, Shumeng"]
[Result "1/2-1/2"]
[WhiteElo "2302"]
[BlackElo "1800"]
[PlyCount "107"]
[EventDate "2024.04.24"]
[EventType "swiss"]
[EventCountry "CHN"]
[TimeControl "5400+30"]

1. d4 d5 2. c4 e6 3. Nc3 Nf6 4. cxd5 exd5 5. Bg5 c6 6. e3 Be7 7. Bd3 h6 8. Bf4 O-O 9. Nge2 Re8 10. O-O Nbd7 11. Rb1 a5 12. Qc2 Nh5 13. Nxd5 Nxf4 14. Nxe7+ Qxe7 15. Nxf4 Nf8 16. Rbc1 Ne6 17. Nxe6 Bxe6 18. a3 Red8 19. Qc5 Qf6 20. Qb6 Rd7 21. Rc5 a4 22. Ra5 Rxa5 23. Qxa5 Bb3 24. Rc1 Qe7 25. Qc5 Qd8 26. Qb4 g6 27. Bc4 c5 28. dxc5 Bxc4 29. Qxc4 Rd1+ 30. Rxd1 Qxd1+ 31. Qf1 Qc2 32. Qa1 Qxc5 33. Qd1 b5 34. h3 h5 35. Qd8+ Kh7 36. Qd4 Qc6 37. Kh2 Kg8 38. f4 f5 39. Kg3 Kf7 40. Kf2 Kg8 41. Qd1 Kf7 42. b3 axb3 43. Qxb3+ Kg7 44. Qb2+ Kf7 45. Kg3 Qd5 46. Qe5 h4+ 47. Kxh4 Qxg2 48. Qc7+ Kf6 49. Qd8+ Kf7 50. Qc7+ Kf6 51. Qc3+ Kf7 52. Qe1 Qb2 53. Kg3 Qxa3 54. Qd2 1/2-1/2

[Event "Chinese Championship-B Women 2024"]
[Site "Liaocheng"]
[Date "2024.04.24"]
[Round "8.2"]
[White "Yang, Yijing"]
[Black "Jiang, Tianyu"]
[Result "1/2-1/2"]
[WhiteElo "2040"]
[BlackElo "1929"]
[PlyCount "60"]
[EventDate "2024.04.24"]
[EventType "swiss"]
[EventCountry "CHN"]
[TimeControl "5400+30"]

1. Nf3 Nf6 2. c4 e6 3. Nc3 d5 4. cxd5 exd5 5. d4 c6 6. Qc2 g6 7. Bg5 Be7 8. e3 Bf5 9. Bd3 Bxd3 10. Qxd3 Nbd7 11. O-O O-O 12. Rab1 a5 13. Qc2 Re8 14. Ne1 Ne4 15. Bxe7 Qxe7 16. Nd3 Nb6 17. Nxe4 Qxe4 18. Rbc1 Nc4 19. b3 Nd6 20. Nc5 Qxc2 21. Rxc2 Re7 22. h4 Kg7 23. g3 Kf8 24. Kg2 Kg7 25. Kf3 Kf8 26. Kg2 Kg7 27. Kf3 Kf8 28. Kg2 Kg7 29. Kf3 Kf8 30. Kg2 Kg7 1/2-1/2

[Event "Chinese Championship-B Women 2024"]
[Site "Liaocheng"]
[Date "2024.04.24"]
[Round "8.3"]
[White "Zhao, Yunqing"]
[Black "Sun, Jihan"]
[Result "1-0"]
[WhiteElo "1965"]
[BlackElo "1781"]
[PlyCount "51"]
[EventDate "2024.04.24"]
[EventType "swiss"]
[EventCountry "CHN"]
[TimeControl "5400+30"]

1. d4 d5 2. Nf3 Nf6 3. g3 Bf5 4. Bg2 c6 5. c4 e6 6. O-O Nbd7 7. Nc3 h6 8. Nd2 Be7 9. e4 dxe4 10. Ndxe4 Nxe4 11. Nxe4 Nf6 12. Nxf6+ Bxf6 13. Be3 O-O 14. Rc1 Qe7 15. Qe2 Rfd8 16. Rfd1 a5 17. c5 Rd7 18. Qc4 Rad8 19. Rd2 e5 20. d5 cxd5 21. Rxd5 Bd3 22. Qxd3 Rxd5 23. Bxd5 Qd7 24. Rd1 Qa4 25. Qb3 Qd7 26. Bf3 1-0

[Event "Chinese Championship-B Women 2024"]
[Site "Liaocheng"]
[Date "2024.04.24"]
[Round "8.4"]
[White "Chu, Ruotong"]
[Black "Shao, Qiyu"]
[Result "0-1"]
[WhiteElo "2124"]
[BlackElo "1764"]
[PlyCount "82"]
[EventDate "2024.04.24"]
[EventType "swiss"]
[EventCountry "CHN"]
[TimeControl "5400+30"]

1. d4 Nf6 2. c4 e6 3. g3 d5 4. Bg2 Be7 5. Nf3 O-O 6. Qc2 b6 7. O-O Bb7 8. cxd5 exd5 9. Nc3 c5 10. dxc5 bxc5 11. Nh4 Nc6 12. Nf5 Re8 13. Qb3 Na5 14. Qb5 Bf8 15. Bg5 a6 16. Qd3 d4 17. Bxb7 Nxb7 18. Na4 h6 19. Bd2 Ne4 20. Nh4 c4 21. Qc2 Rc8 22. Rad1 Nbd6 23. Be1 Nb5 24. Nc3 Ng5 25. a4 Nxc3 26. bxc3 d3 27. exd3 Qd5 28. f3 Re3 29. dxc4 Qxc4 30. Qf5 Rce8 31. Ng2 R3e5 32. Qd3 Nh3+ 33. Kh1 Qxa4 34. Bf2 Re2 35. Rd2 Nxf2+ 36. Rxf2 Qa1+ 37. Rd1 Qa2 38. Rd2 Rxf2 39. Rxa2 Rxa2 40. Ne3 Rf2 41. Nc2 Ree2 0-1

[Event "Chinese Championship-B Women 2024"]
[Site "Liaocheng"]
[Date "2024.04.24"]
[Round "8.5"]
[White "Guo, Hanxi"]
[Black "Du, Yuxin"]
[Result "1/2-1/2"]
[WhiteElo "1699"]
[BlackElo "1960"]
[PlyCount "61"]
[EventDate "2024.04.24"]
[EventType "swiss"]
[EventCountry "CHN"]
[TimeControl "5400+30"]

1. e4 c6 2. d4 d5 3. exd5 cxd5 4. c4 e6 5. Nc3 Nf6 6. Nf3 Be7 7. c5 Ne4 8. Bd3 f5 9. Ne5 O-O 10. f3 Nxc3 11. bxc3 Nd7 12. Nxd7 Bxd7 13. Rb1 b6 14. cxb6 axb6 15. Qb3 Bd6 16. O-O Qc7 17. f4 Rfc8 18. Bd2 Ra3 19. Qxb6 Rxa2 20. Qxc7 Rxc7 21. Be1 h6 22. g3 g5 23. fxg5 hxg5 24. Rf2 Rxf2 25. Kxf2 Kf7 26. Bd2 Be7 27. Ke2 Bf6 28. h3 Be8 29. g4 Bd7 30. Rf1 Kg6 31. Rg1 1/2-1/2

[Event "Chinese Championship-B Women 2024"]
[Site "Liaocheng"]
[Date "2024.04.24"]
[Round "8.6"]
[White "Zhu, Zile"]
[Black "Hu, Yu A."]
[Result "0-1"]
[WhiteElo "1819"]
[BlackElo "2148"]
[PlyCount "74"]
[EventDate "2024.04.24"]
[EventType "swiss"]
[EventCountry "CHN"]
[TimeControl "5400+30"]

1. d4 Nf6 2. Nf3 b6 3. e3 Bb7 4. Nbd2 e6 5. c4 c5 6. Be2 Nc6 7. O-O d5 8. b3 Bd6 9. Bb2 O-O 10. Ne5 Qe7 11. f4 Rad8 12. Bf3 cxd4 13. exd4 Ba3 14. Qc1 Bxb2 15. Qxb2 Na5 16. Rad1 dxc4 17. Ndxc4 Nxc4 18. bxc4 Bxf3 19. Rxf3 Qc7 20. Qe2 Rd6 21. Rfd3 Rfd8 22. Qf3 Nd7 23. Qh5 Nxe5 24. fxe5 R6d7 25. Rh3 h6 26. Qg4 Qxc4 27. Rg3 g6 28. Qe4 Rc8 29. Qf4 Qc2 30. Rf1 Rc3 31. Rg4 h5 32. Rh4 Rc4 33. Qg5 Rcxd4 34. Rxd4 Qc5 35. Rxf7 Qxd4+ 36. Rf2 Kh7 37. h3 Rf7 0-1

[Event "Chinese Championship-B Women 2024"]
[Site "Liaocheng"]
[Date "2024.04.24"]
[Round "8.7"]
[White "Xue, Shixuan"]
[Black "Ren, Xiaoyi"]
[Result "0-1"]
[WhiteElo "1790"]
[BlackElo "2075"]
[PlyCount "58"]
[EventDate "2024.04.24"]
[EventType "swiss"]
[EventCountry "CHN"]
[TimeControl "5400+30"]

1. e4 e5 2. Nf3 Nc6 3. d4 exd4 4. Nxd4 Nf6 5. Nxc6 bxc6 6. e5 Qe7 7. Qe2 Nd5 8. c4 Ba6 9. b3 Qh4 10. Bb2 Bb4+ 11. Nd2 O-O 12. g3 Bxd2+ 13. Kxd2 Qe7 14. Qh5 Qb4+ 15. Kd1 Nb6 16. Kc2 Qc5 17. Bd3 Qxf2+ 18. Kb1 g6 19. Qh4 Rab8 20. Qf4 Qg2 21. Rf1 Nd5 22. Qd4 c5 23. Qxc5 Nb4 24. Qe3 Bxc4 25. Rf2 Bxd3+ 26. Kc1 Qc6+ 27. Kd2 Ba6 28. Qc3 Qd5+ 29. Ke3 Nxa2 0-1

[Event "Chinese Championship-B Women 2024"]
[Site "Liaocheng"]
[Date "2024.04.24"]
[Round "8.8"]
[White "Li, Peishan"]
[Black "Wang, Xiaoyan"]
[Result "0-1"]
[WhiteElo "1647"]
[BlackElo "1932"]
[PlyCount "80"]
[EventDate "2024.04.24"]
[EventType "swiss"]
[EventCountry "CHN"]
[TimeControl "5400+30"]

1. e4 c5 2. Nf3 d6 3. d4 cxd4 4. Nxd4 Nf6 5. Nc3 a6 6. Be2 e5 7. Nb3 Be7 8. O-O O-O 9. Be3 Be6 10. a4 Nbd7 11. g4 h6 12. f3 Nb6 13. a5 Nc4 14. Bxc4 Bxc4 15. Rf2 d5 16. Bb6 Qd7 17. exd5 Rac8 18. Rd2 Bb4 19. d6 Rc6 20. Ra4 Bxc3 21. bxc3 Rfc8 22. Rb4 Bb5 23. c4 Bxc4 24. Bc7 Bb5 25. Qe1 Rc3 26. Qxe5 Rxf3 27. Rxb5 axb5 28. Nd4 Rc3 29. h3 b4 30. Qb5 R8xc7 31. dxc7 Qxc7 32. Rd3 Rxd3 33. Qxd3 Qxa5 34. Nf5 Qc5+ 35. Kf1 Qc7 36. Qd4 Qxc2 37. Qd8+ Kh7 38. Qf8 Qc1+ 39. Kg2 Qb2+ 40. Kg1 Ne4 0-1

[Event "Chinese Championship-B Women 2024"]
[Site "Liaocheng"]
[Date "2024.04.24"]
[Round "8.9"]
[White "Gao, Muziyan"]
[Black "Shi, Yige"]
[Result "1/2-1/2"]
[WhiteElo "1891"]
[BlackElo "1794"]
[PlyCount "32"]
[EventDate "2024.04.24"]
[EventType "swiss"]
[EventCountry "CHN"]
[TimeControl "5400+30"]

1. c4 Nf6 2. Nf3 e6 3. g3 d5 4. Bg2 dxc4 5. Qa4+ Nbd7 6. Qxc4 c5 7. Qc2 b6 8. Nc3 Bb7 9. O-O Be7 10. Rd1 O-O 11. d4 Rc8 12. dxc5 Bxc5 13. Bg5 Qe8 14. Qd3 h6 15. Be3 Qe7 16. Bg5 Qe8 1/2-1/2

[Event "Chinese Championship-B Women 2024"]
[Site "Liaocheng"]
[Date "2024.04.24"]
[Round "8.11"]
[White "Liu, Youyin"]
[Black "Pi, Aiying"]
[Result "0-1"]
[WhiteElo "1840"]
[BlackElo "1617"]
[PlyCount "140"]
[EventDate "2024.04.24"]
[EventType "swiss"]
[EventCountry "CHN"]
[TimeControl "5400+30"]

1. e4 c5 2. Nf3 e6 3. d4 cxd4 4. Nxd4 a6 5. Nc3 Qc7 6. g3 b5 7. a3 Bb7 8. Bg2 d6 9. O-O Nf6 10. Be3 Be7 11. f4 Nbd7 12. Bf2 O-O 13. Re1 Nb6 14. f5 e5 15. Nb3 Nc4 16. Ra2 Nxb2 17. Nxb5 axb5 18. Rxb2 Rxa3 19. Nc1 Ra4 20. Qd3 Qc4 21. Rxb5 Bxe4 22. Bxe4 Nxe4 23. Rb7 Bg5 24. Nb3 Nxf2 25. Kxf2 Qc6 26. Rb5 e4 27. Qe2 Rc4 28. Na5 Qxb5 29. Nxc4 Qxf5+ 30. Kg1 Qc5+ 31. Kg2 d5 32. h4 Bf6 33. Ne3 Rc8 34. Kh3 Re8 35. Ng4 Bd8 36. Rb1 Bc7 37. h5 h6 38. Kg2 Rb8 39. Rxb8+ Bxb8 40. Nf2 Ba7 41. Nxe4 dxe4 42. Qxe4 Qg1+ 43. Kh3 Qf1+ 44. Kg4 f5+ 45. Qxf5 Qxf5+ 46. Kxf5 Kf7 47. g4 Bd4 48. g5 hxg5 49. Kxg5 Be3+ 50. Kf5 Ke7 51. Ke5 Kd7 52. Kd5 Bf4 53. Ke4 Bd2 54. Kd5 Bc3 55. h6 g6 56. Kc4 Bf6 57. Kd5 Ke7 58. c4 Kf7 59. c5 Kg8 60. c6 Bd8 61. Ke6 Kh7 62. Kd7 Ba5 63. c7 Bxc7 64. Kxc7 Kxh6 65. Kd6 Kg5 66. Ke5 Kg4 67. Ke4 g5 68. Ke3 Kg3 69. Ke2 g4 70. Kf1 Kh2 0-1

[Event "Chinese Championship-B Women 2024"]
[Site "Liaocheng"]
[Date "2024.04.24"]
[Round "8.12"]
[White "Wu, Shuang(Hlj)"]
[Black "Cui, Wen"]
[Result "1-0"]
[WhiteElo "1701"]
[BlackElo "1825"]
[PlyCount "81"]
[EventDate "2024.04.24"]
[EventType "swiss"]
[EventCountry "CHN"]
[TimeControl "5400+30"]

1. d4 Nf6 2. Nf3 e6 3. e3 d5 4. Bd3 Bd6 5. O-O O-O 6. Nbd2 Nbd7 7. b3 b6 8. Bb2 Bb7 9. c4 c5 10. Rc1 Re8 11. Ne5 Ne4 12. Bb1 f6 13. Nxd7 Qxd7 14. cxd5 exd5 15. Nxe4 dxe4 16. dxc5 bxc5 17. Rxc5 Red8 18. Rc1 Qf5 19. Qe2 a5 20. Rfe1 Ba6 21. Qf3 Qxf3 22. gxf3 exf3 23. Be4 Rab8 24. Bxf3 Rb5 25. h4 Bb7 26. Be2 Rf5 27. Bg4 Bh2+ 28. Kf1 Ba6+ 29. Kg2 Bb7+ 30. e4 Rf4 31. Be6+ Kf8 32. Ba3+ Ke8 33. Kxh2 Rxf2+ 34. Kg3 Rxa2 35. Bc5 Rd3+ 36. Re3 Rdd2 37. Bh3 a4 38. e5 f5 39. Bf1 Rf2 40. e6 Bc6 41. Bd6 1-0